 Dungeon Crawl Stone Soup version 0.27.1-33-g824d729ab1 (webtiles) character file.

Game seed: 5127903373367733208

13 barney the Ruffian (level 2, -3/23 HPs)
             Began as a Draconian Transmuter on Dec 19, 2021.
             Slain by Natasha (5 damage)
             ... on level 2 of the Dungeon.
             The game lasted 00:00:39 (1294 turns).

barney the Ruffian (Draconian Transmuter)           Turns: 1294, Time: 00:00:40

Health: -3/23      AC:  4    Str: 12    XL:     2   Next: 24%
Magic:  4/5        EV: 12    Int: 19    God:
Gold:   65         SH:  0    Dex: 11    Spells: 4/5 levels left

rFire    . . .     SeeInvis .   a - +0 dagger
rCold    . . .     Faith    .   (no shield)
rNeg     . . .     Spirit   .   (armour unavailable)
rPois    .         Reflect  .   (helmet currently unavailable)
rElec    .         Harm     .   (no cloak)
rCorr    .         Rampage  .   (no gloves)
Will     .....                  (boots currently unavailable)
Stlth    +.........             (no amulet)
HPRegen  0.07/turn              b - +6 ring of intelligence
MPRegen  0.09/turn              (no ring)

@: appendages
A: horns 2, talons 2, AC +4, unfitting armour, cold-blooded
a: End Transformation


You were on level 2 of the Dungeon.
You had temporarily grown beastly horns and talons.
You visited 1 branch of the dungeon, and saw 2 of its levels.

You collected 65 gold pieces.

Inventory:

Hand Weapons
 a - a +0 dagger (weapon)
Jewellery
 b - a +6 ring of intelligence (left hand)
Scrolls
 c - 5 scrolls of identify {unknown}
 d - a scroll of teleportation {unknown}


   Skills:
 - Level 1.1 Fighting
 - Level 1.7 Dodging
 - Level 3.0 Unarmed Combat
 - Level 2.0 Spellcasting
 + Level 3.0 Transmutations


You had 4 spell levels left.
You knew the following spells:

 Your Spells              Type           Power      Damage    Failure   Level
a - Beastly Appendage     Tmut           26%        N/A       4%          1

Your spell library contained the following spells:

 Spells                   Type           Power      Damage    Failure   Level
 Wereblood                Tmut           13%        N/A       8%          2
 Spider Form              Tmut/Pois      3%         N/A       26%         3
 Ice Form                 Ice/Tmut       7%         N/A       65%         4


Dungeon Overview and Level Annotations

Branches:
Dungeon (2/15)

Altars:
Dithmenos

Annotations:
D:2 Natasha


Innate Abilities, Weirdness & Mutations

You have temporarily grown beastly horns and talons.
Your plain brown scales are hard. (AC +4)
You cannot fit into any form of body armour.
You are cold-blooded and may be slowed by cold attacks.


Message History

No target in view!
No target in view!
Natasha, Servant of Life and Death comes into view.
Natasha hisses angrily.
You closely miss Natasha. Natasha barely misses you.
Natasha is nearby!
You hit Natasha but do no damage. You tail-slap Natasha.
Natasha is lightly wounded.
Natasha barely misses you.
Natasha is nearby!
You closely miss Natasha. You tail-slap Natasha.
Natasha is moderately wounded.
Natasha growls.
Natasha claws you.
You hit Natasha but do no damage.
Natasha is moderately wounded.
Natasha barely misses you.
Casting: Beastly Appendage (safe; 4% risk of failure)
Confirm with . or Enter, or press ? or * to list all spells.
You grow a pair of large bovine horns.
Your feet morph into talons.
Natasha casts a spell at you. The magic dart hits you!
You are too injured to fight recklessly!
You hit Natasha. Your kick misses Natasha. Your headbutt misses Natasha.
Your tail-slap misses Natasha.
Natasha is heavily wounded.
Natasha wildly gestures.
Natasha's front paws start to glow.
Natasha claws you but does no damage.
You barely miss Natasha. Your kick misses Natasha.
Natasha is heavily wounded.
Natasha claws you.
You barely miss Natasha. Your headbutt misses Natasha.
Natasha is heavily wounded.
Natasha claws you.
* * * LOW HITPOINT WARNING * * *
You closely miss Natasha. You claw Natasha, but do no damage.
Natasha is heavily wounded.
Natasha claws you.
You die...

#.##.# #.##.#
#.##.# #
######..#.# .#
.<.....<#.##
####.###
######†.#..##
#.......#
#......###)##.#.#
#......##......#
#..._......@..#
#..........#h.#
#......###.#.....
#............#.#.#.
###########........
..#.#.#. ........
..#.#.#.


You could see Natasha.

Vanquished Creatures
  A dart slug (D:1)
  An endoplasm (D:1)
  A goblin (D:1)
  2 hobgoblins
  A ball python (D:1)
  4 bats
  A spectral goblin (D:1)
11 creatures vanquished.

Notes
Turn   | Place    | Note
-------+----------+-------------------------------------------
     0 | D:1      | barney the Draconian Transmuter began the quest for the
                  | Orb.
     0 | D:1      | Reached XP level 1. HP: 16/16 MP: 3/3
   683 | D:1      | Reached XP level 2. HP: 23/23 MP: 5/5
   684 | D:1      | Found a faded altar of an unknown god.
  1257 | D:2      | Found a shadowy altar of Dithmenos.
  1285 | D:2      | Noticed Natasha
  1294 | D:2      | Slain by Natasha

Illustrated notes

Levels and vault maps discovered:
D:1:      onia_arrival_mini_spirals, layout_rooms,
          dreamdust_ecumenical_altar_drowned_temple
D:2:      layout_loops_ring, serial_glass, glass_columns_a, glass_columns_b,
          basic_altar, uniq_natasha, uniq_crazy_yiuf_cottage

Skill      XL: |  1  2 |
---------------+-------+-----
Transmutations | 3 |  3.0
Fighting       | |  1.1
Dodging        | |  1.7
Unarmed Combat | |  3.0
Spellcasting   | |  2.0

Action                   || total
-------------------------++-------
Melee: Unarmed           ||    10
       Dagger            ||    28
       Kick              ||     6
       Tailslap          ||     8
       Headbutt          ||     2
 Cast: Beastly Appendage ||    10
 Stab: Sleeping          ||     1
Armor: Skin              ||    22
Dodge: Dodged            ||    34
